 Dungeon Crawl Stone Soup version 0.25-a0-464-g3004169c2b (webtiles) character file.

Game seed: 6552582684232535601, levelgen mode: deterministic

11 night the Stinger (level 2, 0/17 HPs)
             Began as an Octopode Venom Mage on Feb 3, 2020.
             Slain by a goblin
             ... wielding a +0 club
              (4 damage)
             ... on level 1 of the Dungeon on Feb 4, 2020.
             The game lasted 00:01:55 (228 turns).

night the Stinger (Octopode Venom Mage)              Turns: 228, Time: 00:01:56

Health: 0/17       AC:  1    Str:  7    XL:     2   Next: 29%
Magic:  5/5        EV: 13    Int: 17    God:
Gold:   20         SH:  0    Dex: 12    Spells: 4/5 levels left

rFire    . . .     SeeInvis .   f - +0 dagger
rCold    . . .     Gourm    .   (no shield)
rNeg     . . .     Faith    .   (helmet restricted)
rPois    .         Spirit   .   (no amulet)
rElec    .         Reflect  .   (no ring)
rCorr    .         Harm     .   (no ring)
MR       .....                  (no ring)
Stlth    +++.......             (no ring)
HPRegen  0.05/turn              (no ring)
MPRegen  0.09/turn              (no ring)
                                (no ring)
                                (no ring)

@: no status effects
A: almost no armour, stealthy swim, amphibious, 8 rings, constrict 8, camouflage
1, gelatinous body 1
a: no special abilities


You were on level 1 of the Dungeon.
You were not hungry.

You visited 1 branch of the dungeon, and saw 1 of its levels.

You collected 20 gold pieces.

Inventory:

Hand Weapons
 f - a +0 dagger (weapon)
Scrolls
 c - 2 scrolls of identify {unknown}
 e - a scroll of enchant weapon {unknown}
Potions
 a - a potion of magic {unknown}
 g - a potion of resistance {unknown}
Comestibles
 b - a ration
 d - 6 chunks of flesh


   Skills:
 - Level 2.0 Dodging
 - Level 2.6 Stealth
 + Level 2.2 Spellcasting
 + Level 1.5 Transmutations
 + Level 3.9 Poison Magic


You had 4 spell levels left.
You knew the following spells:

 Your Spells              Type           Power        Failure   Level  Hunger
a - Sting                 Tmut/Pois      ##..         6%          1    #......

Your spell library contained the following spells:

 Spells                   Type           Power        Failure   Level  Hunger
 Poisonous Vapours        Pois/Air       #.....       13%         2    ###....
 Ignite Poison            Fire/Tmut/Pois #.......     26%         3    ###....
 Mephitic Cloud           Conj/Pois/Air  #.......     32%         3    ###....
 Olgreb's Toxic Radiance  Pois           ###.....     36%         4    #####..


Dungeon Overview and Level Annotations

Branches:
Dungeon (1/15)

Altars:


Innate Abilities, Weirdness & Mutations

You cannot wear most types of armour.
You are very stealthy in the water. (Stealth+)
You are amphibious.
You can wear up to eight rings at the same time.
You can use your tentacles to constrict eight enemies at once.
Your skin changes colour to match your surroundings (Stealth+).
Your rubbery body absorbs attacks. (AC +1, EV +1)


Message History

Your grab misses the goblin. The goblin barely misses you.
You hit the dart slug but do no damage. You grab the dart slug.
You constrict the dart slug. The goblin barely misses you.
The dart slug bites you.
You hit the dart slug.
The dart slug is moderately wounded.
You constrict the dart slug. The hobgoblin closely misses you.
The goblin hits you with a +0 club.
You hit the dart slug.
The dart slug is heavily wounded.
You constrict the dart slug. The hobgoblin misses you.
The dart slug misses you. The goblin hits you with a +0 club.
* * * LOW HITPOINT WARNING * * *
You hit the dart slug.
The dart slug is severely wounded.
You constrict the dart slug. The hobgoblin closely misses you.
The dart slug bites you.
* * * LOW HITPOINT WARNING * * *
The goblin hits you with a +0 club.
You die...

## #.## #..##
#...##
#####.@w#
#....#gg..#
#....##...# .
#....# #..## #
## #....# ...#
### ...#
###....# #..#
## #..
#....##....###
#...##.. #..
#....####
#.#....# #..
###..## #.#
..## #..


You could see a dart slug, a hobgoblin and a goblin.

Vanquished Creatures
  4 bats (D:1)
  A giant cockroach (D:1)
  2 goblins (D:1)
  2 hobgoblins (D:1)
  A frilled lizard (D:1)
10 creatures vanquished.

Notes
Turn   | Place    | Note
-------+----------+-------------------------------------------
     0 | D:1      | night the Octopode Venom Mage began the quest for the Orb.
     0 | D:1      | Reached XP level 1. HP: 11/11 MP: 3/3
     0 | D:1      | Upgraded the game from 0.25-a0-458-g6fc7858b95 to
                  | 0.25-a0-464-g3004169c2b
   112 | D:1      | Reached XP level 2. HP: 17/17 MP: 3/5
   228 | D:1      | Slain by a goblin

Levels and vault maps discovered:
D:1:      tarquinn_simple_flora_water_e, layout_rooms

Action                   || total
-------------------------++-------
Melee: Dagger            ||    14
       Tentacles         ||     1
       Constrict         ||     2
 Cast: Sting             ||     6
 Stab: Sleeping          ||     2
Dodge: Dodged            ||    10

Table legend:
 A = Non-vault XP
 B = Vault XP
 C = Vault XP percentage of total XP
 D = Non-vault monster count
 E = Vault monster count
 F = Vault count percentage of total count
                 A         B        C        D         E       F
            +---------+---------+-------+---------+---------+-------
      Total |      17 |       0 |   0.0 |      10 |       0 |   0.0
            +---------+---------+-------+---------+---------+-------
        D:1 |      17 |       0 |   0.0 |      10 |       0 |   0.0
            +---------+---------+-------+---------+---------+-------
